AoeStats
← Gabriel93

Black Forest

510182660Analyzed
4v4 RM · 1d ago on Sep 29, 2026· 36m 21s· 8 players
Game mode
Random Map
Map size
Large (8 player)
Population
200
Speed
Normal
Resources
Standard
Victory
Conquest
Starting age
Dark Age
Ending age
Imperial Age
RankedLock teamsTeams togetherTeam positionsShared explorationLock speedFull tech treeHidden civsTurbo modeCheats
Victory
Defeat
🇹🇷 Dravidians · Türkiye
1196
+16
🇵🇱 Bohemians · Poland
1196
+16
🇺🇸 Varangians · United States
1179
+17
🇨🇴 Britons · Colombia
1175
+17
🇫🇷 Hindustanis · France
1245
-17
🇺🇾 Persians · Uruguay
1202
-17
🇷🇺 Danes · Russia
1201
-17
🇸🇰 Cumans · Slovakia
1150
-15
Thadu123
2:56 Loom
11:24 Feudal Age
14:55 Castle Age
12:47 Double-Bit Axe
12:46 Horse Collar
16:25 Bow Saw
16:45 Heavy Plow
21:19 Wheelbarrow
20:30 Town Watch
23:02 Gold Mining
23:02 Stone Mining
23:48 Stone Mining
24:26 Hand Cart
28:49 Stone Shaft Mining
28:25 Scale Barding Armor
28:31 Forging
28:12 Fletching
32:49 Imperial Age
30:40 Chain Barding Armor
30:56 Iron Casting
30:21 Padded Archer Armor
30:22 Scale Mail Armor
31:23 Treadmill Crane
31:27 Vendel Legacy
32:48 Bodkin Arrow
33:25 Ballistics
33:16 Masonry
33:18 Fortified Wall
33:03 Murder Holes
34:27 Plate Barding Armor
34:53 Blast Furnace
34:25 Crop Rotation
35:01 Two-Man Saw
33:27 Elite Jarl
34:27 Conscription
33:39 Gothikon
36:00 Bracer
36:00 Scale Mail Armor
36:01 Padded Archer Armor
36:18 Bloodlines
36:08 Husbandry
35:31 Light Cavalry
35:32 Cavalier
Elfelo
1:06 Loom
11:24 Feudal Age
12:10 Double-Bit Axe
16:15 Castle Age
15:34 Horse Collar
25:31 Bow Saw
27:13 Wheelbarrow
26:42 Gold Mining
28:55 Hand Cart
28:25 Town Watch
31:19 Imperial Age
29:16 Crossbowman
29:47 Fletching
29:57 Padded Archer Armor
30:12 Fortified Wall
30:12 Masonry
30:19 Hand Cart
29:50 Town Watch
31:14 Gold Shaft Mining
31:02 Stone Mining
31:37 Heavy Plow
31:43 Heavy Plow
31:35 Arbalester
32:11 Bodkin Arrow
33:28 Two-Man Saw
34:33 Chemistry
33:54 Ballistics
34:04 Architecture
34:13 Town Patrol
34:29 Bracer
34:44 Leather Archer Armor
34:14 Treadmill Crane
35:24 Elite Skirmisher
36:06 Onager
vitoldd
0:35 Loom
11:06 Feudal Age
17:39 Castle Age
16:04 Double-Bit Axe
16:01 Horse Collar
19:01 Bow Saw
21:18 Fervor
21:20 Town Watch
22:11 Wheelbarrow
25:10 Hand Cart
26:34 Heavy Plow
31:10 Imperial Age
30:04 Chemistry
29:12 Scale Mail Armor
29:24 Forging
28:44 Pikeman
29:25 Squires
30:26 Chain Mail Armor
31:36 Iron Casting
31:12 Arson
31:39 Wagenburg Tactics
31:24 Halberdier
32:28 Siege Engineers
32:46 Guilds
34:20 Two-Man Saw
34:22 Plate Mail Armor
35:04 Blast Furnace
34:19 Halberdier
fcureklibatur
5:38 Loom
11:31 Feudal Age
12:31 Double-Bit Axe
15:16 Castle Age
16:44 Bow Saw
17:52 Fishing Lines
18:23 Horse Collar
21:48 Stone Mining
22:38 Wheelbarrow
21:57 Gold Mining
24:04 Hand Cart
24:26 Gillnets
29:46 Imperial Age
27:09 Fletching
27:20 Padded Archer Armor
27:58 Bodkin Arrow
28:12 Medical Corps
29:37 Ballistics
29:53 Leather Archer Armor
30:20 Thumb Ring
31:41 Chemistry
30:43 Bracer
31:49 Ring Archer Armor
31:44 Elite Elephant Archer
33:43 Two-Man Saw
32:38 Elite Skirmisher
Self_vs_Self
0:37 Loom
11:03 Feudal Age
17:50 Castle Age
15:53 Double-Bit Axe
16:16 Scale Mail Armor
16:26 Forging
16:04 Arson
16:24 Horse Collar
17:53 Gold Mining
18:41 Squires
18:56 Bow Saw
25:20 Wheelbarrow
31:39 Imperial Age
28:57 Town Watch
29:31 Caravan
29:44 Heavy Plow
30:44 Gold Shaft Mining
30:23 Forging
31:47 Chain Mail Armor
32:07 Iron Casting
31:56 Hand Cart
31:06 Hamask
32:01 Stone Mining
32:47 Conscription
33:15 Plate Mail Armor
32:41 Elite Jomsviking
33:36 Town Patrol
33:53 Elite Varangian Guard
anat03
9:05 Loom
11:14 Feudal Age
12:45 Double-Bit Axe
15:40 Castle Age
13:32 Stone Mining
13:35 Gold Mining
14:12 Stone Mining
14:03 Horse Collar
15:29 Wheelbarrow
17:28 Bow Saw
22:16 Heavy Plow
23:38 Hand Cart
27:56 Imperial Age
25:52 Caravan
26:01 Scale Barding Armor
26:07 Forging
26:54 Stone Shaft Mining
26:57 Gold Shaft Mining
27:02 Stone Shaft Mining
27:22 Chain Barding Armor
27:40 Husbandry
27:51 Bloodlines
28:17 Iron Casting
27:52 Light Cavalry
28:03 Heavy Camel Rider
29:19 Plate Barding Armor
29:08 Hussar
30:32 Imperial Camel Rider
33:24 Blast Furnace
33:48 Conscription
35:02 Chemistry
34:08 Grand Trunk Road
34:53 Shatagni
Kebab do ruky
11:07 Feudal Age
19:08 Castle Age
16:57 Loom
21:41 Double-Bit Axe
23:09 Horse Collar
23:30 Town Watch
27:01 Wheelbarrow
27:32 Bow Saw
30:17 Heavy Plow
33:04 Imperial Age
31:02 Bloodlines
31:02 Scale Barding Armor
31:28 Steppe Husbandry
31:01 Light Cavalry
32:26 Chain Barding Armor
32:27 Forging
32:10 Fletching
32:21 Padded Archer Armor
32:45 Hand Cart
34:52 Two-Man Saw
34:45 Crop Rotation
34:42 Conscription
35:05 Iron Casting
Gabriel93
7:18 Loom
11:33 Feudal Age
12:07 Double-Bit Axe
14:49 Castle Age
13:14 Horse Collar
16:44 Bow Saw
20:05 Heavy Plow
22:25 Wheelbarrow
27:20 Imperial Age
25:04 Forging
25:43 Gold Mining
28:19 Iron Casting
27:49 Scale Barding Armor
27:11 Cavalier
28:03 Bloodlines
29:03 Chemistry
28:09 Husbandry
28:57 Savar
30:49 Blast Furnace
30:10 Chain Barding Armor
31:43 Crop Rotation
32:01 Hand Cart
33:24 Two-Man Saw
33:46 Town Watch
33:25 Elite War Elephant
Connection lost

Rejoining the realm…

Still unreachable

The connection could not be restored.

Session expired

The server has moved on; the page needs a fresh start.